 Dungeon Sprint DCSS version 0.29.1-12-g30fa7ad0bf (webtiles) character file.

Game seed: 1437421661147260219

13841 xzight the Gnoll Aeon (level 12, 0/100 (103) HPs)
             Began as a Gnoll Warper on Dec 30, 2022.
             Was the Champion of Cheibriados.
             Slain by an ancient champion
             ... wielding a +3 battleaxe of draining
              (1 damage)
             ... in the Dungeon (Sprint V: "Ziggurat Sprint").
             The game lasted 00:09:04 (1129 turns).

xzight the Gnoll Aeon (Gnoll Warper)                Turns: 1129, Time: 00:09:05

HP:   0/100 (103)   AC: 30    Str: 27    XL:     12   Next: 10%
MP:   28/28         EV: 15    Int: 35    God:    Cheibriados [******]
Gold: 0             SH: 19    Dex: 33    Spells: 34/36 levels left

rFire   + . .      SeeInvis .   b - +5 demon trident
rCold   + . .      Faith    .   j - +3 kite shield
rNeg    + . .      Spirit   .   k - +9 gold dragon scales
rPois   +          Reflect  .   (no helmet)
rElec   +          Harm     .   r - +0 cloak
rCorr   +          Rampage  .   N - +0 pair of gloves {hurl}
Will    .....      NoTele   +   (no boots)
Stlth   ..........              H - amulet of Laxic {-Tele rN+ Regen+ Int+4}
HPRegen 1.06/turn               P - ring of Ilaor {Contam rElec rCorr Dex+6}
MPRegen 0.21/turn               Y - +4 ring of slaying

@: lightly drained, very slow
A: fangs 1, strong nose, distributed training
a: Renounce Religion, Bend Time, Temporal Distortion, Slouch, Step From Time


You were in the Dungeon.
You worshipped Cheibriados.
Cheibriados was exalted by your worship.
You visited 1 branch


Innate Abilities, Weirdness & Mutations

You have very sharp teeth.
Your uncanny sense of smell can sniff out nearby items.
Your experience applies equally to all skills.


   Skills:
 + Level 12.5 Fighting
 + Level 11.6 Short Blades
 + Level 11.6 Long Blades
 + Level 11.6 Axes
 + Level 11.6 Maces & Flails
 + Level 12.5 Polearms
 + Level 11.6 Staves
 + Level 11.6 Ranged Weapons
 + Level 11.9 Throwing
 + Level 11.9 Armour
 + Level 12.5 Dodging
 + Level 11.6 Stealth
 + Level 11.6 Shields
 + Level 11.6 Unarmed Combat
 + Level 12.6 Spellcasting
 + Level 9.8 Conjurations
 + Level 9.8 Hexes
 + Level 9.8 Summonings
 + Level 9.8 Necromancy
 + Level 11.2 Translocations
 + Level 9.8 Transmutations
 + Level 9.8 Fire Magic
 + Level 9.8 Ice Magic
 + Level 9.8 Air Magic
 + Level 9.8 Earth Magic
 + Level 9.8 Poison Magic
 + Level 12.6 Invocations
 + Level 11.6 Evocations


You had 34 spell levels left.
You knew the following spells:

 Your Spells              Type           Power      Damage    Failure   Level
a - Blink                 Tloc           100%       N/A       1%          2

Your spell library contained the following spells:

 Spells                   Type           Power      Damage    Failure   Level
 Ensorcelled Hibernation  Hex/Ice        100%       N/A       3%          2
 Gell's Gravitas          Tloc           79%        N/A       3%          3
 Lesser Beckoning         Tloc           79%        N/A       3%          3
 Teleport Other           Tloc           79%        N/A       3%          3
 Inner Flame              Hex/Fire       74%        N/A       6%          3
 Ozocubu's Armour         Ice            74%        N/A       6%          3
 Animate Armour           Summ/Erth      100%       N/A       21%         4
 Corpse Rot               Necr/Pois/Air  74%        N/A       21%         4
 Fulminant Prism          Conj/Hex       37%        3d18      21%         4
 Hailstorm                Conj/Ice       74%        3d15      21%         4
 Ice Form                 Ice/Tmut       74%        N/A       21%         4
 Olgreb's Toxic Radiance  Pois           74%        N/A       21%         4
 Petrify                  Tmut/Erth      74%        N/A       21%         4
 Sticky Flame             Conj/Fire      74%        2d9       21%         4
 Manifold Assault         Tloc           79%        N/A       30%         5
 Summon Forest            Summ/Tloc      38%        N/A       38%         5
 Blade Hands              Tmut           37%        N/A       50%         5
 Iskenderun's Battlesphe  Conj           74%        2d12      50%         5
 Eringya's Noxious Bog    Tmut/Pois      37%        N/A       97%         6
 Iron Shot                Conj/Erth      37%        9d7       97%         6
 Simulacrum               Ice/Necr       37%        N/A       97%         6
 Ozocubu's Refrigeration  Ice            37%        4d15      100%        7
 Spellforged Servitor     Conj/Summ      37%        N/A       100%        7
 Summon Hydra             Summ           37%        N/A       100%        7

Inventory:

Hand Weapons
 b - a +5 demon trident (weapon)
 O - the +0 staff of Battle
   (You found it in the Dungeon)

   It enhances your conjuration magic.
   It summons a battlesphere in combat, with strength depending on Conjurations
   skill.
   Its strikes trigger the battlesphere's blasts.
Missiles
 w - 7 boomerangs of dispersal (quivered) {=f}
Armour
 j - a +3 kite shield (worn)
 k - +9 gold dragon scales (worn)
 r - a +0 cloak (worn)
 N - a +0 pair of gloves of hurling (worn)
Jewellery
 d - a +6 ring of dexterity
 f - a ring of protection from fire
 i - a +6 ring of intelligence
 s - a +6 ring of strength
 A - an amulet of magic regeneration
 D - a +6 ring of dexterity
 H - the amulet of Laxic (around neck) {-Tele rN+ Regen+ Int+4}
   (You found it in the Dungeon)

   [amulet of regeneration]

   Int:       It affects your intelligence (+4).
   rN:        It protects you from negative energy.
   -Tele:     It prevents most forms of teleportation.
   Regen:     It increases your rate of health regeneration.
 I - a +6 ring of intelligence
 L - a ring of flight
 M - a ring of magical power
 P - the ring of Ilaor (left hand) {Contam rElec rCorr Dex+6}
   (You found it in the Dungeon)

   [ring of dexterity]

   Dex:       It affects your dexterity (+6).
   rElec:     It insulates you from electricity.
   Contam:    It causes magical contamination when unequipped.
   rCorr:     It protects you from acid and corrosion.
 S - a +6 ring of strength
 W - a ring of willpower
 Y - a +4 ring of slaying (right hand)
Wands
 t - a wand of mindburst (7)
 u - a wand of iceblast (7)
 v - a wand of acid (7)
 B - a wand of digging (3)
Scrolls
 a - 4 scrolls of amnesia
 c - 5 scrolls of blinking
 l - 7 scrolls of fog
 m - 5 scrolls of identify {@r1}
 n - a scroll of fear
 K - 2 scrolls of brand weapon
Potions
 e - 10 potions of curing {@q1}
 g - 6 potions of haste {@q3}
 h - 7 potions of magic
 o - 2 potions of brilliance
 p - a potion of invisibility
 q - 4 potions of resistance
 x - a potion of berserk rage {!q}
 y - 5 potions of might
 C - a potion of lignification {unknown}
 F - 10 potions of heal wounds {@q2}
Miscellaneous
 z - a lightning rod (3/4)
 E - a condenser vane (inert)
 G - a tin of tremorstones (inert)
 J - a phial of floods

Dungeon Overview and Level Annotations

Branches:
Dungeon (1/1)

Altars:
Ashenzari
Cheibriados
Dithmenos
Elyvilon
Fedhas
Gozag
Hepliaklqana
Kikubaaqudgha
Makhleb
Nemelex Xobeh
Okawaru
Qazlal
Ru
Sif Muna
Trog
Uskayaw
Vehumet
Wu Jian
Xom
Yredelemnul
Zin
The Shining One
Jiyva
Lugonu

∆∆∆ █..[.)....█.
█..§§§§§§§█..|...}..█.
█..§§§§§§§█.........█.
█..§§§§§§§█.........█.
█..§§§§§..█.........█.
█..§§§§§..█.........█.
█...§Dr§..█.........█.
█...z9z...█.........█.
█...r@z...█....©....██


█████████████████████ ∆∆∆∆∆∆∆∆ ∆ ∆ ∆∆∆∆∆∆∆∆∆ ∆∆∆∆∆∆∆∆∆∆ ∆∆∆∆∆∆ ∆∆∆∆ ∆∆∆∆∆∆∆∆∆∆
∆∆∆ ∆∆∆∆∆∆ ∆∆∆∆∆ ∆∆∆∆∆ ∆ You could see an iron dragon, 3 ancient champions, 2
crystal echidnas and a war gargoyle.


Message History

* * * LOW HITPOINT WARNING * * *
You block the ancient champion's attack.
The war gargoyle is struck by lightning.
You block the war gargoyle's attack.
The ancient champion hits you with a +3 battleaxe of draining!
* * * LOW HITPOINT WARNING * * *
You partially resist.
You feel drained.
You block the ancient champion's attack.
You feel much better.
The ancient champion hits you with a +0 great mace!
* * * LOW HITPOINT WARNING * * *
You block the ancient champion's attack.
The ancient champion casts a spell at you.
You block the iron shot.
The war gargoyle is struck by lightning.
The war gargoyle hits you but does no damage.
You block the ancient champion's attack.
You cannot blink because you are wearing the amulet of Laxic {-Tele rN+ Regen+ Int+4}.
As you read the scroll of fear, it crumbles to dust.
You assume a fearsome visage.
The iron dragon resists with almost no effort.
The war gargoyle is unaffected.
The crystal echidna is unaffected.
The ancient champion is unaffected. x2; The crystal echidna is unaffected.
The ancient champion is unaffected.
The ancient champion hits you with a +3 great mace!!
* * * LOW HITPOINT WARNING * * *
The ancient champion hits you with a +3 battleaxe of draining.
* * * LOW HITPOINT WARNING * * *
You partially resist.
You feel drained.
You die...

Skill      XL: |  1  2  3  4  5  6  7  8  9 10 11 |
---------------+----------------------------------+-----
Fighting       | 5 6 7 8 10 11 12 | 12.5
Short Blades   | 2 3 4 5 6 7 9 10 11 | 11.6
Long Blades    | 2 3 4 5 6 7 9 10 11 | 11.6
Axes           | 2 3 4 5 6 7 9 10 11 | 11.6
Maces & Flails | 2 3 4 5 6 7 9 10 11 | 11.6
Polearms       | 5 6 7 8 10 11 12 | 12.5
Staves         | 2 3 4 5 6 7 9 10 11 | 11.6
Ranged Weapons | 2 3 4 5 6 7 9 10 11 | 11.6
Throwing       | 3 4 5 6 7 8 9 10 11 | 11.9
Armour         | 3 4 5 6 7 8 9 10 11 | 11.9
Dodging        | 5 6 7 8 10 11 12 | 12.5
Stealth        | 2 3 4 5 6 7 9 10 11 | 11.6
Shields        | 2 3 4 5 6 7 9 10 11 | 11.6
Unarmed Combat | 2 3 4 5 6 7 9 10 11 | 11.6
Spellcasting   | 5 6 7 8 9 10 11 12 | 12.6
Conjurations   | 2 3 4 5 6 7 8 9 |  9.8
Hexes          | 2 3 4 5 6 7 8 9 |  9.8
Summonings     | 2 3 4 5 6 7 8 9 |  9.8
Necromancy     | 2 3 4 5 6 7 8 9 |  9.8
Transmutations | 2 3 4 5 6 7 8 9 |  9.8
Fire Magic     | 2 3 4 5 6 7 8 9 |  9.8
Ice Magic      | 2 3 4 5 6 7 8 9 |  9.8
Air Magic      | 2 3 4 5 6 7 8 9 |  9.8
Earth Magic    | 2 3 4 5 6 7 8 9 |  9.8
Poison Magic   | 2 3 4 5 6 7 8 9 |  9.8
Invocations    | 2 3 4 5 6 7 8 9 11 12 | 12.6
Evocations     | 2 3 4 5 6 7 9 10 11 | 11.6
Translocations | 6 7 8 9 10 11 | 11.2

Action                   |  1- 3 |  4- 6 |  7- 9 | 10-12 || total
-------------------------+-------+-------+-------+-------++-------
Melee: Demon trident     |    10 |    11 |     1 |     1 ||    23
       Bite              |       |     1 |       |     1 ||     2
Evoke: Lightning rod     |       |     3 |     3 |     4 ||    10
       Tin of tremorston |       |       |    12 |    11 ||    23
       Condenser vane    |       |       |     2 |     2 ||     4
  Use: Potion            |     2 |     2 |     1 |     3 ||     8
       Scroll            |       |       |       |     5 ||     5
 Stab: Invisible         |       |     3 |       |       ||     3
Armor: Gold dragon scale |     5 |     7 |     6 |    16 ||    34
Dodge: Dodged            |     1 |       |       |     2 ||     3
Block: Kite shield       |     6 |     7 |     3 |    14 ||    30

Levels and vault maps discovered:
D:        sprint_v [room_start, room_1, room_2, room_3, room_4, room_5, room_6,
          room_7, room_8, room_9, room_10, room_11, room_12, room_13, room_14,
          room_15, room_16, room_17, room_18, room_19, room_20, room_21,
          room_22, room_23, room_24, room_25, room_26, room_27]

Notes
Turn   | Place    | Note
-------+----------+-------------------------------------------
     0 | D        | xzight the Gnoll Warper began the quest for the Orb.
     0 | D        | Reached XP level 1. HP: 20/20 MP: 6/6
     1 | D        | Found a blossoming altar of Fedhas.
     1 | D        | Found the +6 Majin-Bo {vamp, MP+6 Int+6}
     1 | D        | Found the +9 heavy crossbow "Sniper" {vorpal, Acc+∞ SInv}
     1 | D        | Found the +10 dark maul {vorpal}
     1 | D        | Found the +15 Maxwell's patent armour {-Cast -Tele rElec
                  | Will+ rCorr}
     1 | D        | Found the +18 shield of the Gong {rElec rN+ Will+ EV-5}
     1 | D        | Found the +14 obsidian axe {vorpal, Mesm Drain Fly SInv}
     1 | D        | Found the +7 great mace "Firestarter" {inner flame, rF++}
     1 | D        | Found the +6 shillelagh "Devastator" {shatter}
     1 | D        | Found the +11 plutonium sword {Contam Stlth-}
     1 | D        | Found the +8 lance "Wyrmbane" {slay drac, rPois rF+ rC+
                  | AC+3}
     1 | D        | Found the +9 sword of Zonguldrok {reap}
     1 | D        | Found the +13 scythe of Curses {drain, Drain}
     1 | D        | Found the +5 sword of Power {vorpal}
     1 | D        | Found the +7 mace of Variability {chain chaos}
     1 | D        | Found the +7 Singing Sword {vorpal, sonic wave}
     1 | D        | Found the +8 storm bow {elec, penet}
    22 | D        | Found a viscous altar of Jiyva.
    22 | D        | Found a hazy altar of Hepliaklqana.
    22 | D        | Found a transporter.
    22 | D        | Found an opulent altar of Gozag.
    22 | D        | Found an ancient bone altar of Kikubaaqudgha.
    22 | D        | Found a corrupted altar of Lugonu.
    33 | D        | Became a worshipper of Cheibriados the Contemplative
    41 | D        | Found a burning altar of Makhleb.
    42 | D        | Found a sacrificial altar of Ru.
    42 | D        | Found a shimmering blue altar of Sif Muna.
    42 | D        | Found a stormy altar of Qazlal.
    42 | D        | Found a bloodstained altar of Trog.
    42 | D        | Found an iron altar of Okawaru.
    42 | D        | Found a sparkling altar of Nemelex Xobeh.
    74 | D        | Reached skill level 5 in Fighting
    74 | D        | Reached skill level 2 in Short Blades
    74 | D        | Reached skill level 2 in Long Blades
    74 | D        | Reached skill level 2 in Axes
    74 | D        | Reached skill level 2 in Maces & Flails
    74 | D        | Reached skill level 5 in Polearms
    74 | D        | Reached skill level 2 in Staves
    74 | D        | Reached skill level 2 in Ranged Weapons
    74 | D        | Reached skill level 3 in Throwing
    74 | D        | Reached skill level 3 in Armour
    74 | D        | Reached skill level 5 in Dodging
    74 | D        | Reached skill level 2 in Stealth
    74 | D        | Reached skill level 2 in Shields
    74 | D        | Reached skill level 2 in Unarmed Combat
    74 | D        | Reached skill level 5 in Spellcasting
    74 | D        | Reached skill level 2 in Conjurations
    74 | D        | Reached skill level 2 in Hexes
    74 | D        | Reached skill level 2 in Summonings
    74 | D        | Reached skill level 2 in Necromancy
    74 | D        | Reached skill level 2 in Transmutations
    74 | D        | Reached skill level 2 in Fire Magic
    74 | D        | Reached skill level 2 in Ice Magic
    74 | D        | Reached skill level 2 in Air Magic
    74 | D        | Reached skill level 2 in Earth Magic
    74 | D        | Reached skill level 2 in Poison Magic
    74 | D        | Reached skill level 2 in Invocations
    74 | D        | Reached skill level 2 in Evocations
    74 | D        | Reached XP level 2. HP: 27/27 MP: 6/8
   101 | D        | Learned a level 2 spell: Blink
   101 | D        | Entered arena 2.
   101 | D        | Noticed Crazy Yiuf
   101 | D        | Noticed Dowan
   101 | D        | Found a transporter.
   110 | D        | Killed Crazy Yiuf
   111 | D        | Reached skill level 6 in Translocations
   111 | D        | Reached skill level 3 in Invocations
   111 | D        | Reached XP level 3. HP: 29/33 MP: 10/10
   112 | D        | Killed Dowan
   113 | D        | Reached skill level 3 in Short Blades
   113 | D        | Reached skill level 3 in Long Blades
   113 | D        | Reached skill level 3 in Axes
   113 | D        | Reached skill level 3 in Maces & Flails
   113 | D        | Reached skill level 3 in Staves
   113 | D        | Reached skill level 3 in Ranged Weapons
   113 | D        | Reached skill level 4 in Throwing
   113 | D        | Reached skill level 4 in Armour
   113 | D        | Reached skill level 3 in Stealth
   113 | D        | Reached skill level 3 in Shields
   113 | D        | Reached skill level 3 in Unarmed Combat
   113 | D        | Reached skill level 6 in Spellcasting
   113 | D        | Reached skill level 3 in Evocations
   113 | D        | Reached XP level 4. HP: 24/40 MP: 12/12
   238 | D        | Entered arena 3.
   238 | D        | Noticed Sigmund
   238 | D        | Noticed Jessica
   238 | D        | Noticed Blork the orc
   238 | D        | Found a transporter.
   245 | D        | Killed Jessica
   245 | D        | Reached * piety under Cheibriados
   246 | D        | Reached skill level 3 in Conjurations
   246 | D        | Reached skill level 3 in Hexes
   246 | D        | Reached skill level 3 in Summonings
   246 | D        | Reached skill level 3 in Necromancy
   246 | D        | Reached skill level 3 in Transmutations
   246 | D        | Reached skill level 3 in Fire Magic
   246 | D        | Reached skill level 3 in Ice Magic
   246 | D        | Reached skill level 3 in Air Magic
   246 | D        | Reached skill level 3 in Earth Magic
   246 | D        | Reached skill level 3 in Poison Magic
   246 | D        | Reached skill level 4 in Invocations
   247 | D        | Killed Blork the orc
   247 | D        | Reached ** piety under Cheibriados
   248 | D        | Reached skill level 6 in Fighting
   248 | D        | Reached skill level 4 in Short Blades
   248 | D        | Reached skill level 4 in Long Blades
   248 | D        | Reached skill level 4 in Axes
   248 | D        | Reached skill level 4 in Maces & Flails
   248 | D        | Reached skill level 6 in Polearms
   248 | D        | Reached skill level 4 in Staves
   248 | D        | Reached skill level 4 in Ranged Weapons
   248 | D        | Reached skill level 5 in Throwing
   248 | D        | Reached skill level 5 in Armour
   248 | D        | Reached skill level 6 in Dodging
   248 | D        | Reached skill level 4 in Stealth
   248 | D        | Reached skill level 4 in Shields
   248 | D        | Reached skill level 4 in Unarmed Combat
   248 | D        | Reached skill level 4 in Evocations
   248 | D        | Reached XP level 5. HP: 46/46 MP: 14/14
   259 | D        | Killed Sigmund
   260 | D        | Reached skill level 5 in Short Blades
   260 | D        | Reached skill level 5 in Long Blades
   260 | D        | Reached skill level 5 in Axes
   260 | D        | Reached skill level 5 in Maces & Flails
   260 | D        | Reached skill level 5 in Staves
   260 | D        | Reached skill level 5 in Ranged Weapons
   260 | D        | Reached skill level 5 in Stealth
   260 | D        | Reached skill level 5 in Shields
   260 | D        | Reached skill level 5 in Unarmed Combat
   260 | D        | Reached skill level 7 in Spellcasting
   260 | D        | Reached skill level 4 in Conjurations
   260 | D        | Reached skill level 4 in Hexes
   260 | D        | Reached skill level 4 in Summonings
   260 | D        | Reached skill level 4 in Necromancy
   260 | D        | Reached skill level 4 in Transmutations
   260 | D        | Reached skill level 4 in Fire Magic
   260 | D        | Reached skill level 4 in Ice Magic
   260 | D        | Reached skill level 4 in Air Magic
   260 | D        | Reached skill level 4 in Earth Magic
   260 | D        | Reached skill level 4 in Poison Magic
   260 | D        | Reached skill level 5 in Invocations
   260 | D        | Reached skill level 5 in Evocations
   260 | D        | Reached XP level 6. HP: 35/53 MP: 16/16
   363 | D        | Entered arena 4.
   363 | D        | Noticed a floating eye
   363 | D        | Found a transporter.
   364 | D        | Killed a floating eye
   365 | D        | Reached skill level 7 in Fighting
   365 | D        | Reached skill level 7 in Polearms
   365 | D        | Reached skill level 6 in Throwing
   365 | D        | Reached skill level 6 in Armour
   365 | D        | Reached skill level 7 in Dodging
   365 | D        | Reached skill level 7 in Translocations
   365 | D        | Reached *** piety under Cheibriados
   367 | D        | Reached skill level 6 in Invocations
   367 | D        | Reached XP level 7. HP: 60/60 MP: 18/18
   380 | D        | Entered arena 5.
   380 | D        | Noticed a naga
   380 | D        | Noticed a naga
   380 | D        | Found a transporter.
   381 | D        | Reached **** piety under Cheibriados
   382 | D        | Killed a naga
   382 | D        | Killed a naga
   383 | D        | Reached skill level 6 in Short Blades
   383 | D        | Reached skill level 6 in Long Blades
   383 | D        | Reached skill level 6 in Axes
   383 | D        | Reached skill level 6 in Maces & Flails
   383 | D        | Reached skill level 6 in Staves
   383 | D        | Reached skill level 6 in Ranged Weapons
   383 | D        | Reached skill level 6 in Stealth
   383 | D        | Reached skill level 6 in Shields
   383 | D        | Reached skill level 6 in Unarmed Combat
   383 | D        | Reached skill level 8 in Spellcasting
   383 | D        | Reached skill level 5 in Conjurations
   383 | D        | Reached skill level 5 in Hexes
   383 | D        | Reached skill level 5 in Summonings
   383 | D        | Reached skill level 5 in Necromancy
   383 | D        | Reached skill level 5 in Transmutations
   383 | D        | Reached skill level 5 in Fire Magic
   383 | D        | Reached skill level 5 in Ice Magic
   383 | D        | Reached skill level 5 in Air Magic
   383 | D        | Reached skill level 5 in Earth Magic
   383 | D        | Reached skill level 5 in Poison Magic
   383 | D        | Reached skill level 6 in Evocations
   422 | D        | Got the Dissertation on Reformed Fire
   426 | D        | Entered arena 6.
   426 | D        | Noticed a yak
   426 | D        | Found a transporter.
   427 | D        | Reached ***** piety under Cheibriados
   427 | D        | Killed a yak
   428 | D        | Reached skill level 8 in Fighting
   428 | D        | Reached skill level 8 in Polearms
   428 | D        | Reached skill level 7 in Throwing
   428 | D        | Reached skill level 7 in Armour
   428 | D        | Reached skill level 8 in Dodging
   428 | D        | Reached skill level 7 in Invocations
   428 | D        | Reached XP level 8. HP: 68/68 MP: 20/20
   542 | D        | Entered arena 7.
   542 | D        | Noticed a merfolk
   542 | D        | Noticed a wind drake
   542 | D        | Noticed a merfolk
   543 | D        | Killed a merfolk
   544 | D        | Reached skill level 7 in Short Blades
   544 | D        | Reached skill level 7 in Long Blades
   544 | D        | Reached skill level 7 in Axes
   544 | D        | Reached skill level 7 in Maces & Flails
   544 | D        | Reached skill level 7 in Staves
   544 | D        | Reached skill level 7 in Ranged Weapons
   544 | D        | Reached skill level 7 in Stealth
   544 | D        | Reached skill level 7 in Shields
   544 | D        | Reached skill level 7 in Unarmed Combat
   544 | D        | Reached skill level 8 in Translocations
   544 | D        | Reached skill level 7 in Evocations
   544 | D        | Killed a wind drake
   544 | D        | Reached ****** piety under Cheibriados
   544 | D        | Killed a merfolk
   545 | D        | Reached skill level 8 in Throwing
   545 | D        | Reached skill level 8 in Armour
   545 | D        | Reached skill level 9 in Spellcasting
   545 | D        | Reached skill level 6 in Conjurations
   545 | D        | Reached skill level 6 in Hexes
   545 | D        | Reached skill level 6 in Summonings
   545 | D        | Reached skill level 6 in Necromancy
   545 | D        | Reached skill level 6 in Transmutations
   545 | D        | Reached skill level 6 in Fire Magic
   545 | D        | Reached skill level 6 in Ice Magic
   545 | D        | Reached skill level 6 in Air Magic
   545 | D        | Reached skill level 6 in Earth Magic
   545 | D        | Reached skill level 6 in Poison Magic
   545 | D        | Reached skill level 8 in Invocations
   545 | D        | Reached XP level 9. HP: 75/75 MP: 20/22
   549 | D        | Found a transporter.
   562 | D        | Entered arena 8.
   565 | D        | Reached skill level 9 in Fighting
   565 | D        | Reached skill level 9 in Polearms
   565 | D        | Reached skill level 9 in Dodging
   565 | D        | Found a transporter.
   573 | D        | Got the amulet of Laxic {-Tele rN+ Regen+ Int+4}
   593 | D        | Entered arena 9.
   593 | D        | Noticed a cane toad
   593 | D        | Noticed a komodo dragon
   597 | D        | Killed a komodo dragon
   597 | D        | Killed a cane toad
   598 | D        | Reached skill level 8 in Short Blades
   598 | D        | Reached skill level 8 in Long Blades
   598 | D        | Reached skill level 8 in Axes
   598 | D        | Reached skill level 8 in Maces & Flails
   598 | D        | Reached skill level 8 in Staves
   598 | D        | Reached skill level 8 in Ranged Weapons
   598 | D        | Reached skill level 8 in Stealth
   598 | D        | Reached skill level 8 in Shields
   598 | D        | Reached skill level 8 in Unarmed Combat
   598 | D        | Reached skill level 7 in Conjurations
   598 | D        | Reached skill level 7 in Hexes
   598 | D        | Reached skill level 7 in Summonings
   598 | D        | Reached skill level 7 in Necromancy
   598 | D        | Reached skill level 9 in Translocations
   598 | D        | Reached skill level 7 in Transmutations
   598 | D        | Reached skill level 7 in Fire Magic
   598 | D        | Reached skill level 7 in Ice Magic
   598 | D        | Reached skill level 7 in Air Magic
   598 | D        | Reached skill level 7 in Earth Magic
   598 | D        | Reached skill level 7 in Poison Magic
   598 | D        | Reached skill level 9 in Invocations
   598 | D        | Reached skill level 8 in Evocations
   701 | D        | Found a transporter.
   723 | D        | Entered arena 10.
   723 | D        | Noticed a guardian mummy
   723 | D        | Noticed a mummy priest
   727 | D        | Noticed a sun demon
   729 | D        | Killed a guardian mummy
   730 | D        | Reached skill level 9 in Throwing
   730 | D        | Reached skill level 9 in Armour
   731 | D        | Reached skill level 10 in Spellcasting
   731 | D        | Noticed a hellwing
   731 | D        | Noticed an orange demon
   733 | D        | Killed a mummy priest
   734 | D        | Reached skill level 10 in Fighting
   734 | D        | Reached skill level 9 in Short Blades
   734 | D        | Reached skill level 9 in Long Blades
   734 | D        | Reached skill level 9 in Axes
   734 | D        | Reached skill level 9 in Maces & Flails
   734 | D        | Reached skill level 10 in Polearms
   734 | D        | Reached skill level 9 in Staves
   734 | D        | Reached skill level 9 in Ranged Weapons
   734 | D        | Reached skill level 10 in Dodging
   734 | D        | Reached skill level 9 in Stealth
   734 | D        | Reached skill level 9 in Shields
   734 | D        | Reached skill level 9 in Unarmed Combat
   734 | D        | Reached skill level 9 in Evocations
   734 | D        | Reached XP level 10. HP: 29/85 MP: 22/24
   783 | D        | Found a transporter.
   793 | D        | Got Memecsif's Quarto of Incendiary Poisoning
   823 | D        | Entered arena 11.
   823 | D        | Noticed a deep elf zephyrmancer
   823 | D        | Noticed a deep elf pyromancer
   823 | D        | Noticed a deep elf pyromancer
   823 | D        | Noticed a deep elf archer
   823 | D        | Noticed a deep elf pyromancer
   823 | D        | Noticed a deep elf knight
   823 | D        | Noticed a +2 flail of protection
   823 | D        | Noticed a +4 dire flail of protection
   823 | D        | Noticed a deep elf archer
   825 | D        | Killed a deep elf zephyrmancer
   825 | D        | Killed a +4 dire flail of protection
   825 | D        | Killed a deep elf pyromancer
   825 | D        | Killed a deep elf archer
   826 | D        | Reached skill level 10 in Throwing
   826 | D        | Reached skill level 10 in Armour
   826 | D        | Reached skill level 11 in Spellcasting
   826 | D        | Reached skill level 8 in Conjurations
   826 | D        | Reached skill level 8 in Hexes
   826 | D        | Reached skill level 8 in Summonings
   826 | D        | Reached skill level 8 in Necromancy
   826 | D        | Reached skill level 8 in Transmutations
   826 | D        | Reached skill level 8 in Fire Magic
   826 | D        | Reached skill level 8 in Ice Magic
   826 | D        | Reached skill level 8 in Air Magic
   826 | D        | Reached skill level 8 in Earth Magic
   826 | D        | Reached skill level 8 in Poison Magic
   826 | D        | Reached skill level 10 in Invocations
   826 | D        | Killed a deep elf knight
   826 | D        | Killed a deep elf pyromancer
   826 | D        | Killed a deep elf archer
   826 | D        | Killed a deep elf pyromancer
   827 | D        | Reached skill level 11 in Fighting
   827 | D        | Reached skill level 10 in Short Blades
   827 | D        | Reached skill level 10 in Long Blades
   827 | D        | Reached skill level 10 in Axes
   827 | D        | Reached skill level 10 in Maces & Flails
   827 | D        | Reached skill level 11 in Polearms
   827 | D        | Reached skill level 10 in Staves
   827 | D        | Reached skill level 10 in Ranged Weapons
   827 | D        | Reached skill level 11 in Dodging
   827 | D        | Reached skill level 10 in Stealth
   827 | D        | Reached skill level 10 in Shields
   827 | D        | Reached skill level 10 in Unarmed Combat
   827 | D        | Reached skill level 10 in Translocations
   827 | D        | Reached skill level 11 in Invocations
   827 | D        | Reached skill level 10 in Evocations
   827 | D        | Reached XP level 11. HP: 71/93 MP: 24/26
   827 | D        | Killed a +2 flail of protection
   848 | D        | Found a transporter.
   859 | D        | Got the Precepts of Untold Secrets
   867 | D        | Entered arena 12.
   867 | D        | Noticed a wretched star
   867 | D        | Noticed a large abomination
   867 | D        | Noticed a great orb of eyes
   867 | D        | Noticed a tentacled starspawn
   869 | D        | Noticed a thrashing horror
   871 | D        | Killed a large abomination
   872 | D        | Killed a great orb of eyes
   873 | D        | Reached skill level 11 in Throwing
   873 | D        | Reached skill level 11 in Armour
   873 | D        | Reached skill level 9 in Conjurations
   873 | D        | Reached skill level 9 in Hexes
   873 | D        | Reached skill level 9 in Summonings
   873 | D        | Reached skill level 9 in Necromancy
   873 | D        | Reached skill level 9 in Transmutations
   873 | D        | Reached skill level 9 in Fire Magic
   873 | D        | Reached skill level 9 in Ice Magic
   873 | D        | Reached skill level 9 in Air Magic
   873 | D        | Reached skill level 9 in Earth Magic
   873 | D        | Reached skill level 9 in Poison Magic
   874 | D        | Killed a wretched star
   874 | D        | Killed a tentacled starspawn
   874 | D        | Killed a thrashing horror
   875 | D        | Reached skill level 12 in Fighting
   875 | D        | Reached skill level 11 in Short Blades
   875 | D        | Reached skill level 11 in Long Blades
   875 | D        | Reached skill level 11 in Axes
   875 | D        | Reached skill level 11 in Maces & Flails
   875 | D        | Reached skill level 12 in Polearms
   875 | D        | Reached skill level 11 in Staves
   875 | D        | Reached skill level 11 in Ranged Weapons
   875 | D        | Reached skill level 12 in Dodging
   875 | D        | Reached skill level 11 in Stealth
   875 | D        | Reached skill level 11 in Shields
   875 | D        | Reached skill level 11 in Unarmed Combat
   875 | D        | Reached skill level 12 in Spellcasting
   875 | D        | Reached skill level 12 in Invocations
   875 | D        | Reached skill level 11 in Evocations
   992 | D        | Found the +0 staff of Battle
   993 | D        | Found a transporter.
  1009 | D        | Got the ring of Ilaor {Contam rElec rCorr Dex+6}
  1118 | D        | Entered arena 13.
  1118 | D        | Noticed a crystal echidna
  1118 | D        | Noticed a quicksilver elemental
  1118 | D        | Noticed an ancient champion
  1118 | D        | Noticed a quicksilver elemental
  1119 | D        | Noticed a war gargoyle
  1119 | D        | Noticed a crystal echidna
  1119 | D        | Noticed an iron dragon
  1120 | D        | Killed a quicksilver elemental
  1120 | D        | Noticed an ancient champion
  1120 | D        | Noticed an ancient champion
  1121 | D        | Reached skill level 11 in Translocations
  1121 | D        | Killed a quicksilver elemental
  1122 | D        | Reached XP level 12. HP: 43/103 MP: 28/28
  1129 | D        | HP: 5/101 [ancient champion/+3 great mace (24)]
  1129 | D        | HP: 1/101 [ancient champion/+3 battleaxe of draining (4)]
  1129 | D        | Slain by an ancient champion

Vanquished Creatures
  A tentacled starspawn (D)
  2 quicksilver elementals (D)
  A mummy priest (D)
  A great orb of eyes (D)
  2 dancing weapons (D)
  A thrashing horror (D)
  A deep elf knight (D)
  A wretched star (D)
  2 deep elf archers (D)
  3 deep elf pyromancers (D)
  A deep elf zephyrmancer (D)
  2 large abominations (D)
  A cane toad (D)
  2 hellions (D)
  A komodo dragon (D)
  A guardian mummy (D)
  2 merfolk (D)
  A wind drake (D)
  Sigmund (D)
  2 yaks (D)
  An ushabti (D)
  2 nagas (D)
  2 water moccasins (D)
  A floating eye (D)
  3 centaurs (D)
  A wolf (D)
  A phantom (D)
  Blork the orc (D)
  Dowan (D)
  2 quasits (D)
  2 jellies (D)
  Crazy Yiuf (D)
  Jessica (D)
  2 iguanas (D)
  4 mummies (D)
  An adder (D)
  3 river rats (D)
  A white imp (D)
  A bat skeleton (D)
  An endoplasm (D)
  A jackal (D)
  2 ball python skeletons (D)
  A giant cockroach zombie (D)
  A jackal skeleton (D)
  A quokka skeleton (D)
  A quokka zombie (D)
68 creatures vanquished.

Vanquished Creatures (others)
  2 starspawn tentacles (D)
2 creatures vanquished.

Grand Total: 70 creatures vanquished

Table legend: (Time is in decaauts)
 A = Elapsed time spent in this place.
 B = Non-inter-level travel time spent in this place.
 C = Inter-level travel time spent in this place.
 D = Time resting spent in this place.
 E = Time spent auto-exploring this place.
 F = Levels seen in this place.
 G = Mean time per level.
                   A        B        C        D        E       F      G
               +--------+--------+--------+--------+--------+-----+--------+
         Total |   1309 |   1309 |      0 |    707 |    131 |   1 | 1309.0 |
       Dungeon |   1309 |   1309 |      0 |    707 |    131 |   1 | 1309.0 |
               +--------+--------+--------+--------+--------+-----+--------+

Top non-repeatable levels by time:
       D: 1309 daAuts

Table legend:
 A = Non-vault XP
 B = Vault XP
 C = Vault XP percentage of total XP
 D = Non-vault monster count
 E = Vault monster count
 F = Vault count percentage of total count
                 A         B        C        D         E       F
            +---------+---------+-------+---------+---------+-------
      Total |       0 |   19763 | 100.0 |       0 |      68 | 100.0
            +---------+---------+-------+---------+---------+-------
          D |       0 |   19763 | 100.0 |       0 |      68 | 100.0
            +---------+---------+-------+---------+---------+-------
